 Dungeon Crawl Stone Soup version 0.28-a0-1152-g9c71ebef14 (webtiles) character file.

Game seed: 6697330642613247374

10416 snetch the Basher (level 11, -2/145 HPs)
             Began as a Minotaur Berserker on Dec 14, 2021.
             Was a Priest of Trog.
             Killed by vampiric draining
             ... invoked by a vampire
              (10 damage)
             ... on level 10 of the Dungeon.
             The game lasted 00:23:11 (10645 turns).

snetch the Basher (Minotaur Berserker)             Turns: 10645, Time: 00:23:12

Health: -2/145     AC: 14    Str: 26    XL:     11   Next: 35%
Magic:  10/10      EV: 17    Int:  4    God:    Trog [***...]
Gold:   396        SH:  4    Dex: 10    Spells: 10/10 levels left

rFire   . . .      SeeInvis .   b - +0 morningstar
rCold   . . .      Faith    .   d - +0 buckler
rNeg    . . .      Spirit   .   U - +3 leather armour
rPois   .          Reflect  .   Y - +1 hat
rElec   .          Harm     .   F - +0 cloak
rCorr   +          Rampage  .   I - +0 pair of gloves
Will    ++...                   Q - +2 pair of boots
Stlth   ..........              (no amulet)
HPRegen 1.34/turn               g - ring of resist corrosion
MPRegen 0.12/turn               A - +4 ring of evasion

@: berserking, strong-willed, regenerating, very quick
A: horns 2, retaliatory headbutt
a: Renounce Religion, Berserk, Trog's Hand


You were on level 10 of the Dungeon.
You worshipped Trog.
Trog was most pleased with you.
You visited 2 branches of the dungeon, and saw 12 of its levels.

You collected 396 gold pieces.

Inventory:

Hand Weapons
 a - a +0 war axe of flaming
 b - a +0 morningstar (weapon)
 c - a +0 trident
 p - a +0 broad axe
Missiles
 h - 255 stones (quivered)
 j - a boomerang
 r - 87 sling bullets
 t - 37 poisoned darts
 x - 130 arrows
 z - 125 bolts
 B - a curare-tipped dart
 G - 3 throwing nets
 J - 5 javelins
 M - 5 datura-tipped darts
Armour
 d - a +0 buckler (worn)
 F - a +0 cloak (worn)
 I - a +0 pair of gloves (worn)
 Q - a +2 pair of boots (worn)
 U - a +3 leather armour (worn)
 Y - a +1 hat (worn)
Jewellery
 g - a ring of resist corrosion (left hand)
 A - a +4 ring of evasion (right hand)
 C - a ring of willpower
 D - a ring of protection from cold
 E - a +6 ring of intelligence
Wands
 o - a wand of polymorph (10)
 y - a wand of paralysis (5)
 T - a wand of iceblast (7)
Scrolls
 e - 3 scrolls of amnesia {unknown}
 k - 3 scrolls of torment {unknown}
 l - 4 scrolls of noise {unknown}
 m - 2 scrolls of vulnerability {unknown}
 s - 2 scrolls of teleportation {unknown}
 v - 3 scrolls of fear {unknown}
 w - 6 scrolls of identify {unknown}
 K - a scroll of acquirement {unknown}
 O - 3 scrolls of magic mapping {unknown}
 R - a scroll of holy word {unknown}
 V - a scroll of silence {unknown}
 X - a scroll of fog {unknown}
 Z - a scroll of blinking {unknown}
Potions
 f - 5 potions of heal wounds {unknown}
 i - 3 potions of lignification {unknown}
 n - a potion of might {unknown}
 q - 3 potions of curing {unknown}
 u - 2 potions of haste {unknown}
 H - 6 potions of degeneration {unknown}
 L - a potion of magic {unknown}
 N - a potion of mutation {unknown}
 P - a potion of berserk rage {unknown}
 S - 3 potions of attraction {unknown}
 W - 2 potions of cancellation {unknown}


   Skills:
 + Level 9.4 Fighting
 + Level 9.6(12.2) Axes
 + Level 11.4(12.8) Maces & Flails
 + Level 3.6(7.1) Polearms
 + Level 2.0 Throwing
 + Level 9.8 Armour
 + Level 6.0 Dodging
 + Level 2.5 Stealth
 - Level 4.0 Shields


You had 10 spell levels left.
You didn't know any spells.
Your spell library contained the following spells:

 Spells                   Type           Power      Damage    Failure   Level
 Magic Dart               Conj           0%         1d3       54%         1
 Slow                     Hex            0%         N/A       54%         1
 Summon Small Mammal      Summ           0%         N/A       54%         1
 Searing Ray              Conj           0%         2d4       67%         2
 Sublimation of Blood     Necr           0%         N/A       67%         2
 Call Canine Familiar     Summ           0%         N/A       88%         3
 Confusing Touch          Hex            0%         N/A       88%         3
 Summon Guardian Golem    Hex/Summ       0%         N/A       88%         3
 Fulminant Prism          Conj/Hex       0%         3d6       99%         4
 Petrify                  Tmut/Erth      0%         N/A       99%         4
 Irradiate                Conj/Tmut      0%         3d13      100%        5
 Yara's Violent Unravell  Hex/Tmut       0%         3d3       100%        5


Dungeon Overview and Level Annotations

Branches:
Dungeon (11/15)            Temple (1/1) D:7            Lair (0/6) D:9
    Orc: D:9-12

Altars:
Ashenzari
Cheibriados
Dithmenos
Elyvilon
Fedhas
Gozag
Hepliaklqana
Kikubaaqudgha
Makhleb
Nemelex Xobeh
Okawaru
Qazlal
Ru
Sif Muna
Trog
Uskayaw
Vehumet
Wu Jian
Xom
Yredelemnul
The Shining One

Annotations:
D:5 glass cubes


Innate Abilities, Weirdness & Mutations

You have a pair of horns on your head.
You reflexively headbutt those who attack you in melee.


Message History

You closely miss something. Something hits you but does no damage.
Something bites you.
Something draws strength from your injuries!
You miss something. You sock something! You headbutt something.
Something hits you!
* * * LOW HITPOINT WARNING * * *
Something bites you but does no damage.
You miss something. Something hits you.
* * * LOW HITPOINT WARNING * * *
Something closely misses you.
You closely miss something. Something hits you.
* * * LOW HITPOINT WARNING * * *
Something bites you but does no damage.
You puncture something! Something draws life force from you!
* * * LOW HITPOINT WARNING * * *
You miss something. Something barely misses you.
Something bites you but does no damage.
A red film seems to cover your vision as you go berserk!
You feel yourself moving faster!
You feel mighty! Something draws life force from you!!
* * * LOW HITPOINT WARNING * * *
You barely miss something. You barely miss something.
Something hits you but does no damage. You block something's attack.
You miss something. Something hits you but does no damage.
Something bites you but does no damage.
Unknown command.
You puncture something! You closely miss something.
A vampire appears from thin air!
Reactivating autopickup.
The vampire draws life force from you.
* * * LOW HITPOINT WARNING * * *
The vampire is healed by the life force!
Unknown command.
You hit the vampire.
The vampire is heavily damaged.
You barely miss the vampire. Your headbutt misses the vampire.
The vampire is heavily damaged.
The vampire draws life force from you!
You die...

..........########
..................
######...#########
#...################
######..................#
........................#
........................#
........................#
................@.......#
................V.......#
........................#
........................#
#########...###########.#
#...# #.# #...# #.#
#########...###########.#
............>...).......#


You could see a vampire.

Vanquished Creatures
  A boulder beetle (D:11)
  3 two-headed ogres (D:9)
  3 skeletal warriors (D:9)
  Pikel (D:4)
  2 kobold demonologists (D:10)
  Prince Ribbit (D:7)
  3 hornets
  A spriggan (D:8)
  A shadow (D:10)
  A wyvern (D:10)
  4 yaks (D:10)
  A vampire (D:8)
  A steam dragon (D:7)
  2 water moccasins (D:7)
  A sky beast (D:8)
  A hornet zombie (D:7)
  An ice beast (D:7)
  2 orc warriors
  A black bear (D:4)
  A necrophage (D:7)
  5 ogres
  A centaur (D:6)
  2 phantoms (D:6)
  4 kobold brigands
  4 bullfrogs
  5 scorpions
  A water moccasin zombie (D:6)
  A wyvern skeleton (D:6)
  5 killer bees (D:9)
  3 wights (D:10)
  3 jellies
  2 bullfrog skeletons (D:5)
  3 hounds
  3 orc priests
  3 iguanas (D:6)
  4 orc wizards (D:10)
  3 gnolls (D:5)
  6 adders
  A shadow imp (D:7)
  A white imp (D:6)
  3 ufetubi
  An adder skeleton (D:4)
  2 worms
  A dart slug (D:2)
  27 orcs
  7 ball pythons
  3 bats (D:1)
  8 endoplasms
  6 giant cockroaches
  7 goblins
  2 jackals (D:4)
  15 kobolds
  A quokka (D:1)
  2 frilled lizards (D:3)
  5 rats
182 creatures vanquished.

Notes
Turn   | Place    | Note
-------+----------+-------------------------------------------
     0 | D:1      | snetch the Minotaur Berserker began the quest for the Orb.
     0 | D:1      | Reached XP level 1. HP: 19/19 MP: 0/0
   199 | D:2      | Reached XP level 2. HP: 27/27 MP: 1/1
   959 | D:2      | Noticed an ogre
   966 | D:2      | Killed an ogre
   967 | D:2      | Reached skill level 5 in Axes
   967 | D:2      | Reached XP level 3. HP: 34/34 MP: 2/2
   967 | D:2      | Reached XP level 4. HP: 41/41 MP: 3/3
  1744 | D:4      | Noticed a black bear
  1750 | D:4      | Killed a black bear
  1751 | D:4      | Reached skill level 5 in Fighting
  1751 | D:4      | Reached skill level 1 in Stealth
  1751 | D:4      | Reached XP level 5. HP: 46/48 MP: 4/4
  1970 | D:3      | Reached skill level 1 in Polearms
  2055 | D:3      | Found a faded altar of an unknown god.
  2273 | D:4      | Reached ** piety under Trog
  2286 | D:4      | Reached XP level 6. HP: 39/56 MP: 5/5
  2296 | D:4      | Found an ornate altar of the Wu Jian Council.
  3073 | D:4      | Noticed Pikel
  3080 | D:4      | Paralysed by Pikel for 3 turns
  3085 | D:4      | Killed Pikel
  3086 | D:4      | Reached skill level 5 in Armour
  3086 | D:4      | Reached skill level 1 in Shields
  3086 | D:4      | Reached XP level 7. HP: 42/61 MP: 6/6
  3431 | D:4      | Reached skill level 1 in Maces & Flails
  3618 | D:5      | Entered Level 5 of the Dungeon
  3628 | D:5      | Identified the +10 spear "Heuxu Ipt" {pain, +Blink rCorr}
  3897 | D:5      | Reached XP level 8. HP: 67/69 MP: 7/7
  4100 | D:5      | Reached skill level 2 in Maces & Flails
  4437 | D:5      | Reached skill level 3 in Maces & Flails
  4900 | D:6      | Reached skill level 4 in Maces & Flails
  4903 | D:6      | Reached *** piety under Trog
  5055 | D:6      | Reached skill level 1 in Throwing
  5077 | D:6      | Reached skill level 5 in Maces & Flails
  5249 | D:6      | Reached XP level 9. HP: 50/78 MP: 8/8
  6316 | D:7      | Found a hide-covered altar of Uskayaw.
  6446 | D:7      | Noticed Prince Ribbit
  6462 | D:7      | Killed Prince Ribbit
  6463 | D:7      | Reached skill level 6 in Maces & Flails
  6620 | D:7      | Found a staircase to the Ecumenical Temple.
  6629 | Temple   | Entered the Ecumenical Temple
  6649 | D:7      | Identified the +3 dagger of Nifim {elec, *Corrode Will++
                  | Str+2 SInv}
  7322 | D:8      | Reached skill level 7 in Maces & Flails
  7372 | D:8      | Reached XP level 10. HP: 77/88 MP: 9/9
  7951 | D:8      | Reached skill level 8 in Maces & Flails
  8114 | D:9      | Noticed a two-headed ogre
  8120 | D:9      | Killed a two-headed ogre
  8170 | D:9      | Found a staircase to the Lair.
  8204 | D:9      | Reached skill level 9 in Maces & Flails
  8381 | D:9      | Noticed a two-headed ogre
  8388 | D:9      | Killed a two-headed ogre
  8624 | D:9      | Noticed a skeletal warrior
  8656 | D:9      | Killed a skeletal warrior
  8657 | D:9      | Reached skill level 5 in Dodging
  8677 | D:9      | Reached skill level 10 in Maces & Flails
  8705 | D:9      | Noticed a two-headed ogre
  8710 | D:9      | Killed a two-headed ogre
  8964 | D:10     | Entered Level 10 of the Dungeon
  8969 | D:10     | Noticed a soul eater
  8972 | D:10     | Noticed a sixfirhy
  8975 | D:10     | Noticed a soul eater
  8979 | D:10     | Reached XP level 11. HP: 95/95 MP: 10/10
  9130 | D:9      | Noticed a skeletal warrior
  9131 | D:9      | Noticed a skeletal warrior
  9148 | D:9      | Killed a skeletal warrior
  9153 | D:9      | Killed a skeletal warrior
  9664 | D:10     | Reached **** piety under Trog
  9680 | D:10     | Found a sacrificial altar of Ru.
  9694 | D:10     | Reached skill level 11 in Maces & Flails
 10207 | D:10     | You fall into a shaft and drop 1 floor!
 10314 | D:11     | Noticed a boulder beetle
 10334 | D:11     | Killed a boulder beetle
 10643 | D:10     | HP: 7/145 [vampire/vampiric draining (6)]
 10645 | D:10     | Killed from afar by a vampire

Illustrated notes

Levels and vault maps discovered:
D:1:      erik_arrival_cave_to_civilisation [erik_arrival_cave_to_hall],
          layout_loops_ring
D:2:      layout_loops_ring
D:3:      cheibrodos_helix_gallery, layout_loops_corners,
          shapermc_ecumenical_altar_totnotflames
D:4:      layout_layer_cave, mainiacjoe_overflow_paths, solitary_fountain,
          uniq_pikel
D:5:      layout_basic, serial_glass, glass_columns_c, glass_columns_b,
          due_unseen_surprise, feat_on_display, item_on_display_a,
          minmay_strange_pillars, chequers_serial_rivers_small_b,
          corexii_checkpoint_a
D:6:      layout_rooms, serial_corexii_hall, chequers_hall_statues_y,
          chequers_hall_statues_wall_a, chequers_hall_statues_corner_a,
          grunt_ministairs_5, minmay_chambers_of_fives
D:7:      layout_loops_corners, nicolae_uskayaw_suspiria,
          minmay_temple_entry_crystal_x, uniq_prince_ribbit1
D:8:      layout_loops_ring, the_hattery
D:9:      layout_irregular_city, lair_entry_dummy
D:10:     layout_long_grid, nicolae_ru_sacrificial_ziggurat,
          mainiacjoe_overflow_tiny_flanked
D:11:     layout_loops_ring
Temple:   nicolae_temple_no_exploring_needed

Skill      XL: |  1  2  3  4  5  6  7  8  9 10 11 |
---------------+----------------------------------+-----
Axes           | 5 6 8 9 |  9.6
Fighting       | 4 5 6 7 8 9 |  9.4
Dodging        | 3 4 5 6 |  6.0
Armour         | 3 5 6 7 8 9 |  9.8
Stealth        | 1 2 |  2.5
Polearms       | 1 3 |  3.6
Shields        | 1 2 3 4 |  4.0
Maces & Flails | 1 5 7 10 11 | 11.4
Throwing       | 1 2 |  2.0

Action                   |  1- 3 |  4- 6 |  7- 9 | 10-12 || total
-------------------------+-------+-------+-------+-------++-------
Melee: Hand axe          |    41 |    10 |     3 |       ||    54
       Headbutt          |     6 |    13 |    41 |    37 ||    97
       Trident           |       |    58 |       |       ||    58
       Morningstar       |       |     8 |   186 |   124 ||   318
       War axe           |       |       |    47 |    28 ||    75
Throw: Stone             |     3 |     5 |    28 |     4 ||    40
Invok: Berserk           |     1 |     2 |       |     6 ||     9
       Trog's Hand       |       |       |       |     2 ||     2
 Stab: Sleeping          |     2 |       |       |       ||     2
Armor: Animal skin       |     8 |       |       |       ||     8
       Scale mail        |       |    46 |       |       ||    46
       Chain mail        |       |    13 |    80 |       ||    93
       Plate armour      |       |       |    38 |       ||    38
       Leather armour    |       |       |       |    52 ||    52
Dodge: Dodged            |    36 |    68 |   168 |    93 ||   365
Block: Buckler           |       |    12 |    54 |    41 ||   107

Table legend: (Time is in decaauts)
 A = Elapsed time spent in this place.
 B = Non-inter-level travel time spent in this place.
 C = Inter-level travel time spent in this place.
 D = Time resting spent in this place.
 E = Time spent auto-exploring this place.
 F = Levels seen in this place.
 G = Mean time per level.
                   A        B        C        D        E       F      G
               +--------+--------+--------+--------+--------+-----+--------+
         Total |  10794 |  10188 |    606 |    251 |   7591 |  12 |  899.5 |
       Dungeon |  10793 |  10187 |    606 |    251 |   7591 |  11 |  981.2 |
        Temple |      1 |      1 |      0 |      0 |      0 |   1 |    1.0 |
               +--------+--------+--------+--------+--------+-----+--------+

Top non-repeatable levels by time:
     D:9: 1345 daAuts
     D:3: 1209 daAuts
     D:7: 1208 daAuts
     D:5: 1123 daAuts
     D:6: 1089 daAuts
     D:4: 1021 daAuts
    D:10: 934 daAuts
     D:1: 897 daAuts
     D:8: 823 daAuts
     D:2: 804 daAuts
    D:11: 335 daAuts
  Temple: 1 daAuts
